 Dungeon Crawl Stone Soup version 0.25.1-8-g42b30a86e7 (webtiles) character file.

Game seed: 10857590482926105851

875 gruber the Frost Mage (level 7, -7/46 HPs)
             Began as a Demonspawn Ice Elementalist on Dec 21, 2020.
             Killed by nerve-wracking pain
             ... invoked by Grinder
              (9 damage)
             ... on level 5 of the Dungeon.
             The game lasted 00:05:15 (4693 turns).

gruber the Frost Mage (Demonspawn Ice Elementalist) Turns: 4693, Time: 00:05:15

Health: -7/46      AC: 10    Str:  8    XL:     7   Next: 74%
Magic:  1/13       EV: 12    Int: 18    God:
Gold:   203        SH:  0    Dex: 14    Spells: 6/14 levels left

rFire    . . .     SeeInvis .   o - +2 short sword (protect)
rCold    . . .     Gourm    .   (no shield)
rNeg     . . .     Faith    .   a - +0 robe
rPois    .         Spirit   .   (no helmet)
rElec    .         Reflect  .   x - +0 cloak
rCorr    .         Harm     .   d - -1 pair of gloves
MR       .....                  (no boots)
Stlth    ++........             (no amulet)
HPRegen  0.15/turn              b - +4 ring of protection
MPRegen  0.13/turn              (no ring)

@: no status effects
A: hooves 1, slimy green scales 2
a: no special abilities


You were on level 5 of the Dungeon.
You were very hungry.

You visited 2 branches of the dungeon, and saw 6 of its levels.

You collected 203 gold pieces.

Inventory:

Hand Weapons
 o - a +2 short sword of protection (weapon)
Armour
 a - a +0 robe (worn)
 d - a -1 pair of gloves (worn)
 x - a +0 cloak (worn)
Jewellery
 b - a +4 ring of protection (left hand)
 m - an uncursed ring of magical power {unknown}
Wands
 k - a wand of polymorph (1)
Scrolls
 e - a scroll of fog {unknown}
 i - 3 scrolls of remove curse
 j - a scroll of fear
 n - a scroll of enchant weapon {unknown}
 p - 4 scrolls of blinking {unknown}
 q - a scroll of magic mapping {unknown}
 s - 2 scrolls of identify
 u - a scroll of noise {unknown}
 v - 2 scrolls of teleportation
Potions
 f - 2 potions of might {unknown}
 g - 3 potions of stabbing {unknown}
 h - 2 potions of berserk rage
 l - 2 potions of curing
 r - 3 potions of heal wounds {unknown}
 t - a potion of resistance {unknown}
 w - a potion of haste {unknown}
Comestibles
 c - 12 rations


   Skills:
 - Level 1.7 Dodging
 - Level 1.7 Stealth
 - Level 4.2 Spellcasting
 + Level 0.8 Summonings
 - Level 8.0 Ice Magic


You had 6 spell levels left.
You knew the following spells:

 Your Spells              Type           Power        Failure   Level  Hunger
a - Freeze                Ice            ####         1%          1    None
b - Frozen Ramparts       Ice            ####..       1%          3    ###....
c - Summon Ice Beast      Ice/Summ       ###.....     24%         4    ####...

Your spell library contained the following spells:

 Spells                   Type           Power        Failure   Level  Hunger
 Ozocubu's Armour         Chrm/Ice       ###.....     9%          3    ###....
 Hailstorm                Conj/Ice       ###.....     28%         4    ####...


Dungeon Overview and Level Annotations

Branches:
Dungeon (5/15)             Temple (1/1) D:4

Altars:
Cheibriados
Dithmenos
Elyvilon
Fedhas
Gozag
Kikubaaqudgha
Makhleb
Nemelex Xobeh
Okawaru
Ru
Trog
Uskayaw
Wu Jian
Yredelemnul
Zin
The Shining One

Annotations:
D:5 Grinder, Menkaure


Innate Abilities, Weirdness & Mutations

You have large cloven feet.
You are mostly covered in slimy green scales. (AC +3)


Message History

Casting: Summon Ice Beast (quite dangerous; 24% risk of failure)
Confirm with . or Enter, or press ? or * to list all spells.
Aiming: Freeze (safe; 1% risk of failure)
Press: ? - help, Shift-Dir - straight line, f/p - Grinder
Aim: Grinder (almost dead) Grinder resists.
You freeze Grinder.
Grinder is almost dead.
Your ice beast closely misses Grinder.
Grinder barely misses you.
Unknown command.
Unknown command.
Casting: Freeze (safe; 1% risk of failure)
Confirm with . or Enter, or press ? or * to list all spells.
Aiming: Freeze (safe; 1% risk of failure)
Press: ? - help, Shift-Dir - straight line, f/p - Grinder
Aim: Grinder (almost dead) Grinder completely resists.
You freeze Grinder but do no damage.
Your ice beast barely misses Grinder.
Grinder gestures at you. Pain shoots through your body!
You die...

####.##.########.# #.# #...
#.##.#........# ###.###..#
#.##.#.##############........#
#.##..............§..§.####5.#
#.####.........#######.# #..#
#.# #..#......# #.# #.##
#.####..#.....Y# #.# #.#
#...........#5## #.####.#
#######.#####@# #.5....#
#.....#.# #.###### #####.#.#
.... #.#.# #..... #.#.#
#.....# #.#.# #..?..# #.#.#
#.....# #.#.################
#...................


You could see Grinder and a friendly ice beast (summoned).

Vanquished Creatures
  A nameless horror (D:5)
  Sigmund (D:2)
  2 ogres
  3 orc wizards (D:4)
  Crazy Yiuf (D:4)
  3 hounds
  3 iguanas (D:4)
  3 worker ants
  A hound skeleton (D:4)
  6 adders
  3 oozes
  2 worms (D:2)
  2 dart slugs
  4 leopard geckos
  16 orcs
  4 ball pythons
  4 giant cockroaches
  7 goblins
  8 hobgoblins
  3 jackals (D:5)
  11 kobolds
  2 quokkas
  9 bats
  9 frilled lizards
  5 rats
113 creatures vanquished.

Notes
Turn   | Place    | Note
-------+----------+-------------------------------------------
     0 | D:1      | gruber the Demonspawn Ice Elementalist began the quest for
                  | the Orb.
     0 | D:1      | Reached XP level 1. HP: 13/13 MP: 3/3
   160 | D:1      | Reached skill level 4 in Ice Magic
   160 | D:1      | Gained mutation: You are partially covered in slimy green
                  | scales. (AC +2) [demonic ancestry]
   160 | D:1      | Reached XP level 2. HP: 19/19 MP: 0/5
   808 | D:1      | Reached XP level 3. HP: 22/24 MP: 0/6
   886 | D:1      | Learned a level 3 spell: Frozen Ramparts
  1005 | D:2      | Noticed a +0 dagger
  1006 | D:2      | Noticed a +0 dagger
  1008 | D:2      | Found a hide-covered altar of Uskayaw.
  1453 | D:2      | Reached XP level 4. HP: 29/30 MP: 3/7
  1714 | D:2      | Noticed Sigmund
  1738 | D:2      | Killed Sigmund
  1738 | D:2      | Reached skill level 5 in Ice Magic
  1738 | D:2      | Reached XP level 5. HP: 16/35 MP: 0/10
  2306 | D:3      | Found a bloodstained altar of Trog.
  2379 | D:3      | Found a shadowy altar of Dithmenos.
  2594 | D:3      | Gained mutation: You are mostly covered in slimy green
                  | scales. (AC +3) [demonic ancestry]
  2594 | D:3      | Reached XP level 6. HP: 36/41 MP: 11/11
  2603 | D:3      | Reached skill level 6 in Ice Magic
  2942 | D:3      | Found a glowing silver altar of Zin.
  3265 | D:4      | Gained mutation: You have large cloven feet. [demonic
                  | ancestry]
  3265 | D:4      | Reached XP level 7. HP: 46/46 MP: 9/13
  3383 | D:4      | Found a runed translucent door.
  3384 | D:4      | Noticed Crazy Yiuf
  3479 | D:4      | Found a basalt altar of Yredelemnul.
  3485 | D:4      | Reached skill level 7 in Ice Magic
  3638 | D:4      | Found a sacrificial altar of Ru.
  3957 | D:4      | Found a staircase to the Ecumenical Temple.
  4096 | D:4      | Killed Crazy Yiuf
  4176 | Temple   | Entered the Ecumenical Temple
  4278 | D:5      | Entered Level 5 of the Dungeon
  4390 | D:5      | Reached skill level 8 in Ice Magic
  4453 | D:5      | Noticed Menkaure
  4498 | D:5      | Learned a level 4 spell: Summon Ice Beast
  4627 | D:5      | Noticed Grinder
  4639 | D:5      | Noticed a nameless horror
  4647 | D:5      | Killed a nameless horror
  4684 | D:5      | Paralysed by Grinder for 6 turns
  4691 | D:5      | HP: 2/46 [Grinder/nerve-wracking pain (11)]
  4693 | D:5      | Killed from afar by Grinder

Illustrated notes

Levels and vault maps discovered:
D:1:      lemuel_arrival_funnel, layout_basic, grunt_decor_resistance
D:2:      layout_basic, dancing_weapons_uskayaw, uniq_sigmund
D:3:      layout_basic, nicolae_dithmenos_through_a_glass_darkly,
          nicolae_overflow_crystal_walls, zin_treasury
D:4:      layout_basic, nicolae_ru_great_annihilating_truth,
          kennysheep_little_box, minmay_temple_entry_tees, first_ration,
          kennysheep_small_circle, uniq_crazy_yiuf_cottage
D:5:      layout_basic, uniq_menkaure, uniq_grinder
Temple:   cyrus_temple_forest

Skill      XL: |  1  2  3  4  5  6  7 |
---------------+----------------------+-----
Ice Magic      | 4 5 6 8 |  8.0
Spellcasting   | 3 4 |  4.2
Dodging        | |  1.7
Stealth        | |  1.7
Summonings     | |  0.8

Action                   |  1- 3 |  4- 6 |  7- 9 || total
-------------------------+-------+-------+-------++-------
Melee: Unarmed           |    25 |       |       ||    25
       Short sword       |    36 |    98 |    86 ||   220
       Kick              |       |       |    18 ||    18
 Cast: Freeze            |    37 |     5 |     2 ||    44
       Frozen Ramparts   |     3 |     8 |    11 ||    22
       Summon Ice Beast  |       |       |     2 ||     2
  Use: Scroll            |     5 |       |       ||     5
       Potion            |       |     1 |       ||     1
 Stab: Sleeping          |     1 |     4 |     1 ||     6
       Paralysed         |       |       |     1 ||     1
  Eat: Chunk             |     2 |     7 |     5 ||    14
Armor: Robe              |    40 |    32 |    42 ||   114
Dodge: Dodged            |    57 |    72 |    57 ||   186
